 Dungeon Crawl Stone Soup version 0.15-a0-1269-g8ca96ae (webtiles) character file.

305 Slatt the Covered (level 6, 0/53 HPs)
             Began as a Minotaur Fighter on June 5, 2014.
             Slain by a gnoll
             ... wielding a +2,+0 halberd
              (9 damage)
             ... on Level 4 of the Dungeon.
             The game lasted 00:17:08 (2473 turns).

Slatt the Covered (Minotaur Fighter)                Turns: 2473, Time: 00:17:08

HP   0/53        AC  7     Str 22      XL: 6   Next: 16%
MP   3/3         EV  7     Int  5      God:
Gold 167         SH 10     Dex 10      Spells:  0 memorised,  5 levels left

rFire  . . .     SeeInvis .     a - +0 war axe
rCold  . . .     Clarity  .     b - +0 scale mail
rNeg   . . .     rCorr    .     c - +0 shield
rPois  .         rRot     .     (helmet restricted)
rElec  .         Spirit   .     (no cloak)
SustAb .         Warding  .     (no gloves)
rMut   .         Stasis   .     (no boots)
Gourm  .                        (no amulet)
MR     .....                    (no ring)
                                (no ring)

@: not resistant to hostile enchantments, extremely unstealthy
A: retaliatory headbutt, horns 2
a: no special abilities


You were on level 4 of the Dungeon.
You were not hungry.

You visited 1 branch of the dungeon, and saw 4 of its levels.

You collected 167 gold pieces.

Inventory:

Hand weapons
 a - a +0,+0 war axe (weapon)
Missiles
 f - 17 bolts
Armour
 b - a +0 scale mail (worn)
 c - a +0 shield (worn)
 m - a +0 helmet
 r - a +1 naga barding of flying
Magical devices
 A - a wand of draining (6) {unknown}
Comestibles
 d - 2 bread rations
 h - a meat ration
 i - a royal jelly
 k - a beef jerky
Scrolls
 l - 3 scrolls of amnesia
 p - 2 scrolls of identify
 q - 2 scrolls of remove curse {unknown}
 t - a scroll of enchant weapon I {unknown}
 u - a scroll of fear {unknown}
 v - 2 scrolls of fog {unknown}
 x - 2 scrolls of enchant weapon II {unknown}
 y - 2 scrolls of teleportation
Potions
 e - a potion of might
 j - a potion of degeneration {unknown}
 n - a potion of paralysis {unknown}
 o - a potion of magic {unknown}
 s - 2 potions of heal wounds {unknown}
 w - a potion of resistance {unknown}
Books
 z - a book of Wizardry

   Spells                             Type                      Level
   Agony                              Necromancy                   5
   Force Lance                        Conjuration                  5
   Dispersal                          Translocation                6
   Haste                              Charms                       6
   Invisibility                       Hexes                        6
   Spellforged Servitor               Conjuration/Summoning        7


   Skills:
 + Level 4.3 Fighting
 + Level 3.6 Axes
 + Level 5.3 Armour
 + Level 2.8 Dodging
 + Level 5.3 Shields


You had 5 spell levels left.
You didn't know any spells.

Dungeon Overview and Level Annotations

Branches:
Dungeon (4/15)
 Temple: D:4-7

Altars:
Nemelex Xobeh

Annotations:
D:4 Sigmund


Innate Abilities, Weirdness & Mutations

You reflexively headbutt those who attack you in melee.
You have a pair of horns on your head.


Message History

You kill the ooze!
You block the gnoll's attack. You block its attack.
You hit the gnoll. Your headbutt misses the gnoll.
The gnoll is lightly wounded.
The gnoll picks up a flail.
The gnoll wields a flail.
The gnoll hits you from afar with a halberd.
Something hits you. You block the gnoll's attack.
You slash the gnoll!
You kill the gnoll!
The gnoll hits you but does no damage.
You hear some strange, mumbled words.
The magic dart hits you!
* * * LOW HITPOINT WARNING * * *
You block the gnoll's attack.
You miss something. Your headbutt misses something.
You hear some strange, mumbled words.
The puff of flame hits you!
* * * LOW HITPOINT WARNING * * *
The gnoll hits you from afar with a halberd!
You die...

. ..# ..# ..# ..#
#..#### # <..... ..
###.#######..###...
..
.........@)g.......
#.
####.....)#..###...
#.# ######.#..# . ..#
#..<.###... ..####
##...?..# #...)##
##..##..# ...#..###
#..# ....#...## #####
#..#
...<###..###...###..#


You could see a gnoll.

Vanquished Creatures
  An iguana (D:4)
  2 worker ants (D:3)
  6 gnolls
  9 adders
  A giant mite (D:2)
  A worm (D:2)
  A giant gecko (D:3)
  An ooze (D:4)
  3 ball pythons
  6 giant cockroaches
  10 goblins
  9 hobgoblins
  3 jackals (D:1)
  7 kobolds
  A quokka (D:2)
  10 bats
  5 giant newts
  4 rats
80 creatures vanquished.

Notes
Turn   | Place    | Note
--------------------------------------------------------------
     0 | D:1      | Slatt, the Minotaur Fighter, began the quest for the Orb.
     0 | D:1      | Reached XP level 1. HP: 19/19 MP: 1/1
   293 | D:1      | Reached skill level 4 in Shields
   299 | D:1      | Reached XP level 2. HP: 21/27 MP: 1/1
  1061 | D:2      | Reached XP level 3. HP: 30/33 MP: 2/2
  1307 | D:2      | Reached XP level 4. HP: 40/40 MP: 2/2
  1455 | D:2      | Reached skill level 1 in Dodging
  1733 | D:3      | Reached XP level 5. HP: 46/46 MP: 2/2
  2023 | D:3      | Reached skill level 5 in Shields
  2113 | D:3      | Reached skill level 5 in Armour
  2150 | D:3      | Found a sparkling altar of Nemelex Xobeh.
  2432 | D:4      | Reached XP level 6. HP: 39/52 MP: 3/3
  2458 | D:4      | Noticed Sigmund
  2473 | D:4      | Slain by a gnoll

Action                   |  1- 3 |  4- 6 || total
-------------------------+-------+-------++-------
Melee: War axe           |    79 |   137 ||   216
  Use: Scroll            |       |     3 ||     3
       Potion            |       |     3 ||     3
